WCHLSIM.com - West Coast Hockey League
html PUBLIC "-//W3C//DTD XHTML 1.0 Transitional//EN" "http://www.w3.org/TR/xhtml1/DTD/xhtml1-transitional.dtd"> WCHL - Game 133 - EDMONTON ICE vs SACRAMENTO BANDITS

EDMONTON ICE vs SACRAMENTO BANDITS

Created - 31 octobre 2022 at 22:34

Goals
1 2 3 T
EDMONTON ICE 1 0 1 2
SACRAMENTO BANDITS 3 0 2 5
Shots
1 2 3 T
EDMONTON ICE 7 7 6 20
SACRAMENTO BANDITS 13 11 10 34

1st period

1. SACRAMENTO BANDITS , Aleksander Barkov 4 (Alexander DeBrincat 1, Jonathan Huberdeau 6) at 6:14
2. SACRAMENTO BANDITS , Ryan Lomberg 1 (Cal Clutterbuck 1, Niko Mikkola 1) at 10:40
3. EDMONTON ICE , Timo Meier 7 (Joel Eriksson Ek 7) at 16:06
4. SACRAMENTO BANDITS , Max Pacioretty 4 (Patrice Bergeron 6, Brent Burns 4) at 17:54

Penalties :
Ryan Graves (EDM) for Holding (Minor) at 8:10, Colton Sissons (SAC) for Roughing (Minor) at 18:01

2nd period

No Goal

Penalties :
No Penalty

3rd period

5. SACRAMENTO BANDITS , Patrice Bergeron 3 (Max Pacioretty 1) at 2:42
6. EDMONTON ICE , Shea Theodore 1 (Scott Laughton 3) at 7:57 (PP)
7. SACRAMENTO BANDITS , Max Pacioretty 5 (Patrice Bergeron 7) at 14:34

Penalties :
Phil Kessel (SAC) for Hooking (Minor) at 7:55, Zach Whitecloud (EDM) for Hooking (Minor) at 8:16, Scott Laughton (EDM) for Cross-checking (Minor) at 16:59, Max Pacioretty (SAC) for Hooking (Minor) at 18:00

Goalie Stats

Alex Nedeljkovic (EDM), 7 saves from 8 shots - (0,875), 17:18 minutes
Jonathan Quick (EDM), 22 saves from 26 shots - (0,846), L, 2-4-0, 42:42 minutes
Andrei Vasilevskiy (SAC), 18 saves from 20 shots - (0,900), W, 5-4-1, 60:00 minutes

Players Stats for EDMONTON ICE

Player Name              G  A  P  +/- PIM S  H  SB GA TA FO     MP     PP MP  PK MP  
------------------------------------------------------------------------------------
Andy Greene              0  0  0  -1  0   0  1  1  0  0  0/0    15:46   0:00   1:58 
Anthony Mantha           0  0  0  -2  0   1  1  0  0  0  0/0    17:43   1:46   0:00 
Anton Lundell            0  0  0  -1  0   0  0  0  0  0  10/24  17:49   0:00   2:04 
Austin Watson            0  0  0  -1  0   0  3  0  0  0  1/1    14:04   0:00   0:26 
Jack Eichel              0  0  0  -2  0   1  0  0  0  0  12/22  15:14   0:43   0:00 
Joel Eriksson Ek         0  1  1  -1  0   4  0  1  0  0  10/25  20:01   1:46   0:00 
Jonas Brodin             0  0  0   0  0   1  3  2  0  0  0/0    24:12   1:30   3:08 
Joonas Donskoi           0  0  0  -1  0   1  0  0  0  0  0/2    16:58   1:16   2:04 
Jordan Spence            0  0  0   0  0   0  3  1  0  0  0/0    20:48   1:32   1:43 
Kieffer Bellows          0  0  0   0  0   0  1  0  0  0  0/0     4:10   0:00   0:00 
Nicholas Boka            0  0  0   0  0   0  0  0  0  0  0/0     0:16   0:00   0:16 
Ryan Carpenter           0  0  0   0  0   0  1  0  0  0  0/0     5:49   0:00   2:29 
Ryan Graves              0  0  0  -3  2   1  2  2  0  0  0/0    20:36   1:32   1:18 
Scott Laughton           0  1  1  -2  2   2  0  0  0  0  4/7    21:18   0:33   1:37 
Shea Theodore            1  0  1  -3  0   2  1  0  0  0  0/0    21:42   1:30   1:35 
Tanner Jeannot           0  0  0  -1  0   3  3  0  0  0  0/1    19:30   1:16   0:00 
Timo Meier               1  0  1  -1  0   4  0  0  0  0  0/2    21:26   1:46   1:18 
Zach Whitecloud          0  0  0  -1  2   0  0  1  0  0  0/0    16:38   0:00   0:00 

Players Stats for SACRAMENTO BANDITS

Player Name              G  A  P  +/- PIM S  H  SB GA TA FO     MP     PP MP  PK MP  
------------------------------------------------------------------------------------
Aleksander Barkov        1  0  1   0  0   6  0  1  0  0  21/31  22:34   2:40   1:47 
Alexander DeBrincat      0  1  1   0  0   2  1  0  0  0  0/0    20:47   2:40   0:00 
Brent Burns              0  1  1   1  0   0  1  0  0  0  0/0    24:51   2:19   1:12 
Cal Clutterbuck          0  1  1   1  0   1  1  0  0  0  0/0     5:10   0:00   0:00 
Carter Verhaeghe         0  0  0   0  0   1  1  0  0  0  0/0    14:49   2:40   0:00 
Colton Sissons           0  0  0   0  2   0  3  0  0  0  1/2    12:47   0:00   0:39 
John Carlson             0  0  0   1  0   0  3  0  0  0  0/0    24:51   2:19   1:12 
Jonathan Huberdeau       0  1  1   0  0   5  1  0  0  0  0/2    21:42   2:40   1:53 
Max Pacioretty           2  1  3   3  2   7  2  0  0  0  0/1    19:27   2:18   0:36 
Mikhail Sergachev        0  0  0   1  0   0  0  1  0  0  0/0    22:12   2:40   1:50 
Nicolas Aube-Kubel       0  0  0   1  0   0  0  0  0  0  1/7     5:10   0:00   0:00 
Niko Mikkola             0  1  1   2  0   0  0  0  0  0  0/0    12:57   0:00   0:00 
Patrice Bergeron         1  2  3   3  0   7  0  0  0  0  16/26  20:37   2:19   1:09 
Phil Kessel              0  0  0   3  2   0  0  0  0  0  0/0    18:51   2:19   0:00 
Ryan Getzlaf             0  0  0   0  0   1  1  0  0  0  8/15   12:09   0:00   0:00 
Ryan Lomberg             1  0  1   1  0   3  2  0  0  0  0/0     5:10   0:00   0:00 
Trevor van Riemsdyk      0  0  0   2  0   1  0  0  0  0  0/0    12:57   0:00   0:00 
Zdeno Chara              0  0  0   1  0   0  1  1  0  0  0/0    18:56   0:00   1:50 

3 Stars

1 - Max Pacioretty (SAC)
2 - Patrice Bergeron (SAC)
3 - Ryan Lomberg (SAC)

Power Play

EDMONTON ICE - 1 on 3 Attempt(s) - 33,33%
SACRAMENTO BANDITS - 0 on 3 Attempt(s) - 0,00%

Penalty Kill

EDMONTON ICE - 3 on 3 Attempt(s) - 100,00% - Score 0 goal in Penalty Kill
SACRAMENTO BANDITS - 2 on 3 Attempt(s) - 66,67% - Score 0 goal in Penalty Kill

Team Stat

EDMONTON ICE - Hits : 19 - Faceoff Wins : 37 - Blocked Shots : 8 - Penalty Minutes : 6
SACRAMENTO BANDITS - Hits : 17 - Faceoff Wins : 47 - Blocked Shots : 3 - Penalty Minutes : 6

Official

Referees : Kevin Pollock and Dave Lewis
Linesman : Kory Nagy and Derek Nansen

Game Notes

Alex Nedeljkovic enters game at 2:42 of 3rd period
Jack Eichel is injured at 6:39 of 3rd period (Left Knee)

Finance

Level 1 -- Attendance: 6205 (100,00%) -- Ticket Income 992 800 $
Level 2 -- Attendance: 4088 (77,42%) -- Ticket Income 572 320 $
Level 3 -- Attendance: 1560 (73,07%) -- Ticket Income 187 200 $
Level 4 -- Attendance: 3286 (76,78%) -- Ticket Income 295 740 $
Luxury Box -- Attendance: 870 (86,14%) -- Ticket Income 261 000 $
Game was played at the Sacramento Center Palace.
Total Attendance: 16009 (84,66%)
Total Ticket Income: 2 309 060 $
Other Expense: 23 091 $
Total Income: 2 285 969 $

EDMONTON ICE

5 vs 5 Forward 
   Center                   Left Wing                Right Wing               Time % Phy DF OF 
 1 Joel Eriksson Ek         Timo Meier               Tanner Jeannot           38     0   2  3  
 2 Jack Eichel              Anthony Mantha           Scott Laughton           36     1   2  2  
 3 Anton Lundell            Austin Watson            Joonas Donskoi           22     1   3  1  
 4 Scott Laughton           Kieffer Bellows          Ryan Carpenter           4      1   4  0  

5 vs 5 Defense 
   Defense                  Defense                                           Time % Phy DF OF 
 1 Shea Theodore            Ryan Graves                                       36     1   2  2  
 2 Jonas Brodin             Jordan Spence                                     34     0   3  2  
 3 Zach Whitecloud          Andy Greene                                       24     1   3  1  
 4 Jonas Brodin             Zach Whitecloud                                   6      0   4  1  

PowerPlay Forward 
   Center                   Left Wing                Right Wing               Time % Phy DF OF 
 1 Joel Eriksson Ek         Timo Meier               Anthony Mantha           60     0   1  4  
 2 Jack Eichel              Joonas Donskoi           Tanner Jeannot           40     0   2  3  

PowerPlay Defense
   Defense                  Defense                                           Time % Phy DF OF 
 1 Shea Theodore            Jonas Brodin                                      55     0   2  3  
 2 Ryan Graves              Jordan Spence                                     45     1   2  2  

Penalty Kill 4 Players Forward 
   Center                   Wing                     Time % Phy DF OF 
 1 Anton Lundell            Joonas Donskoi           57     0   4  1  
 2 Scott Laughton           Ryan Carpenter           43     0   4  1  

Penalty Kill 4 Players Defense
   Defense                  Defense                  Time % Phy DF OF 
 1 Jonas Brodin             Ryan Graves              57     0   5  0  
 2 Shea Theodore            Andy Greene              43     0   5  0  

Penalty Kill - 3 Players Forward 
   Forward                                           Time % Phy DF OF 
 1 Anton Lundell                                     55     0   5  0  
 2 Ryan Carpenter                                    45     0   5  0  

Penalty Kill - 3 Players Defense
   Defense                  Defense                  Time % Phy DF OF 
 1 Jonas Brodin             Ryan Graves              55     0   5  0  
 2 Zach Whitecloud          Andy Greene              45     0   5  0  

4 vs 4 Forward 
   Center                   Wing                     Time % Phy DF OF 
 1 Anton Lundell            Timo Meier               55     1   2  2  
 2 Jack Eichel              Kieffer Bellows          45     1   2  2  

4 vs 4 Defense
   Defense                  Defense                  Time % Phy DF OF 
 1 Shea Theodore            Zach Whitecloud          55     1   2  2  
 2 Jordan Spence            Jonas Brodin             45     1   2  2  

Last Minutes Offensive
   Center                   Left Wing                Right Wing               Defense                  Defense                  
   Joel Eriksson Ek         Timo Meier               Anthony Mantha           Shea Theodore            Jonas Brodin             

Last Minutes Defensive
   Center                   Left Wing                Right Wing               Defense                  Defense                  
   Joel Eriksson Ek         Anton Lundell            Tanner Jeannot           Shea Theodore            Jonas Brodin             

Goaltenders
Starting : Jonathan Quick           
Backup : Alex Nedeljkovic         

Extra Forwards
Normal : Anton Lundell, Scott Laughton, Anthony Mantha - PP : Scott Laughton, Anton Lundell - PK : Timo Meier
Extra Defensemen
Normal : Shea Theodore, Jordan Spence, Zach Whitecloud - PP : Ryan Graves - PK : Shea Theodore, Jordan Spence
Penalty Shots
Timo Meier, Jack Eichel, Anton Lundell, Anthony Mantha, Joel Eriksson Ek
Custom OT Lines Forwards
Timo Meier, Joel Eriksson Ek, Jack Eichel, Anton Lundell, Anthony Mantha, Tanner Jeannot, Scott Laughton, Kieffer Bellows, Joonas Donskoi, Austin Watson
Custom OT Lines Defensemen
Shea Theodore, Jonas Brodin, Ryan Graves, Jordan Spence, Zach Whitecloud

Scratches
Thomas Novak (Right Hand Injury), Michael Matheson (Fractured Metatarsal (Left Foot) Injury), Scott Wedgewood (Healthy)

SACRAMENTO BANDITS

5 vs 5 Forward 
   Center                   Left Wing                Right Wing               Time % Phy DF OF 
 1 Aleksander Barkov        Jonathan Huberdeau       Alexander DeBrincat      35     1   2  2  
 2 Patrice Bergeron         Max Pacioretty           Phil Kessel              35     1   2  2  
 3 Ryan Getzlaf             Carter Verhaeghe         Colton Sissons           23     1   2  2  
 4 Nicolas Aube-Kubel       Ryan Lomberg             Cal Clutterbuck          7      1   2  2  

5 vs 5 Defense 
   Defense                  Defense                                           Time % Phy DF OF 
 1 John Carlson             Brent Burns                                       41     1   2  2  
 2 Mikhail Sergachev        Zdeno Chara                                       33     1   2  2  
 3 Trevor van Riemsdyk      Niko Mikkola                                      26     1   2  2  
 4 John Carlson             Brent Burns                                       0      1   2  2  

PowerPlay Forward 
   Center                   Left Wing                Right Wing               Time % Phy DF OF 
 1 Aleksander Barkov        Jonathan Huberdeau       Alexander DeBrincat      55     1   2  2  
 2 Patrice Bergeron         Max Pacioretty           Phil Kessel              45     1   2  2  

PowerPlay Defense
   Defense                  Defense                                           Time % Phy DF OF 
 1 John Carlson             Brent Burns                                       55     1   2  2  
 2 Mikhail Sergachev        Carter Verhaeghe                                  45     1   2  2  

Penalty Kill 4 Players Forward 
   Center                   Wing                     Time % Phy DF OF 
 1 Aleksander Barkov        Jonathan Huberdeau       55     1   2  2  
 2 Patrice Bergeron         Max Pacioretty           45     1   2  2  

Penalty Kill 4 Players Defense
   Defense                  Defense                  Time % Phy DF OF 
 1 John Carlson             Brent Burns              55     1   2  2  
 2 Mikhail Sergachev        Zdeno Chara              45     1   2  2  

Penalty Kill - 3 Players Forward 
   Forward                                           Time % Phy DF OF 
 1 Aleksander Barkov                                 55     1   2  2  
 2 Patrice Bergeron                                  45     1   2  2  

Penalty Kill - 3 Players Defense
   Defense                  Defense                  Time % Phy DF OF 
 1 John Carlson             Brent Burns              55     1   2  2  
 2 Mikhail Sergachev        Zdeno Chara              45     1   2  2  

4 vs 4 Forward 
   Center                   Wing                     Time % Phy DF OF 
 1 Aleksander Barkov        Alexander DeBrincat      55     1   2  2  
 2 Patrice Bergeron         Max Pacioretty           45     1   2  2  

4 vs 4 Defense
   Defense                  Defense                  Time % Phy DF OF 
 1 John Carlson             Brent Burns              55     1   2  2  
 2 Mikhail Sergachev        Zdeno Chara              45     1   2  2  

Last Minutes Offensive
   Center                   Left Wing                Right Wing               Defense                  Defense                  
   Patrice Bergeron         Jonathan Huberdeau       Alexander DeBrincat      John Carlson             Brent Burns              

Last Minutes Defensive
   Center                   Left Wing                Right Wing               Defense                  Defense                  
   Patrice Bergeron         Jonathan Huberdeau       Alexander DeBrincat      John Carlson             Brent Burns              

Goaltenders
Starting : Andrei Vasilevskiy       
Backup : Jaroslav Halak           

Extra Forwards
Normal : Ryan Getzlaf, Carter Verhaeghe, Colton Sissons - PP : Ryan Getzlaf, Carter Verhaeghe - PK : Colton Sissons
Extra Defensemen
Normal : Trevor van Riemsdyk, Niko Mikkola, Mikhail Sergachev - PP : Trevor van Riemsdyk - PK : Niko Mikkola, Mikhail Sergachev
Penalty Shots
Patrice Bergeron, Aleksander Barkov, Jonathan Huberdeau, Max Pacioretty, Ryan Getzlaf
Custom OT Lines Forwards
Patrice Bergeron, Aleksander Barkov, Jonathan Huberdeau, Max Pacioretty, Ryan Getzlaf, Alexander DeBrincat, Carter Verhaeghe, Phil Kessel, Colton Sissons, Cal Clutterbuck
Custom OT Lines Defensemen
John Carlson, Brent Burns, Mikhail Sergachev, Zdeno Chara, Trevor van Riemsdyk

Scratches
None


% Time on Ice - EDMONTON ICE

Lines # - Real PCT - Wanted PCT - Time Play
Normal Forward
1 - 36% - 38% - 18:14
2 - 31% - 36% - 15:49
3 - 27% - 22% - 13:38
4 - 7% - 4% - 3:20
Normal Defense
1 - 35% - 36% - 17:47
2 - 34% - 34% - 17:25
3 - 26% - 24% - 13:18
4 - 5% - 6% - 2:31
PP Forward
1 - 58% - 60% - 1:46
2 - 42% - 40% - 1:16
PP Defense
1 - 49% - 55% - 1:30
2 - 51% - 45% - 1:32
PK Forward
1 - 50% - 57% - 2:30
2 - 50% - 43% - 2:29
PK Defense
1 - 69% - 57% - 3:27
2 - 31% - 43% - 1:32
PK3 Forward
1 - 0% - 55%
2 - 0% - 45%
PK3 Defense
1 - 0% - 55%
2 - 0% - 45%
44 Forward
1 - 14% - 55% - 0:08
2 - 86% - 45% - 0:50
44 Defense
1 - 86% - 55% - 0:50
2 - 14% - 45% - 0:08
Last Minute Offensive  - 0:00
Last Minute Defensive  - 0:00
Total
Forward - 60:00
Defense - 60:00

% Time on Ice - SACRAMENTO BANDITS

Lines # - Real PCT - Wanted PCT - Time Play
Normal Forward
1 - 34% - 35% - 17:09
2 - 32% - 35% - 16:33
3 - 24% - 23% - 12:09
4 - 10% - 7% - 5:10
Normal Defense
1 - 41% - 41% - 20:51
2 - 34% - 33% - 17:06
3 - 25% - 26% - 12:57
4 - 0% - 0% - 0:07
PP Forward
1 - 54% - 55% - 2:40
2 - 46% - 45% - 2:19
PP Defense
1 - 46% - 55% - 2:19
2 - 54% - 45% - 2:40
PK Forward
1 - 62% - 55% - 1:53
2 - 38% - 45% - 1:09
PK Defense
1 - 40% - 55% - 1:12
2 - 60% - 45% - 1:50
PK3 Forward
1 - 0% - 55%
2 - 0% - 45%
PK3 Defense
1 - 0% - 55%
2 - 0% - 45%
44 Forward
1 - 100% - 55% - 0:58
2 - 0% - 45% - 0:00
44 Defense
1 - 100% - 55% - 0:58
2 - 0% - 45% - 0:00
Last Minute Offensive  - 0:00
Last Minute Defensive  - 0:00
Total
Forward - 60:00
Defense - 60:00

Play-by-Play

1st period


0:01 of 1st period - Aleksander Barkov wins face-off versus Timo Meier in neutral zone.
0:31 of 1st period - Timo Meier is hit by John Carlson and loses puck.
1:16 of 1st period - Patrice Bergeron is hit by Tanner Jeannot.
1:32 of 1st period - Shot by Max Pacioretty.
1:32 of 1st period - Stopped by Jonathan Quick without a rebound.
1:33 of 1st period - Ryan Getzlaf wins face-off versus Jack Eichel in EDMONTON ICE zone.
1:33 of 1st period - Carter Verhaeghe is hit by Jonas Brodin.
1:40 of 1st period - Ryan Getzlaf is hit by Jonas Brodin and loses puck.
2:06 of 1st period - Icing by Jonas Brodin.
2:07 of 1st period - Jack Eichel wins face-off versus Nicolas Aube-Kubel in EDMONTON ICE zone.
2:13 of 1st period - Off-side.
2:14 of 1st period - Anton Lundell wins face-off versus Max Pacioretty in neutral zone.
2:18 of 1st period - Icing by Mikhail Sergachev.
2:19 of 1st period - Patrice Bergeron wins face-off versus Joonas Donskoi in SACRAMENTO BANDITS zone.
2:28 of 1st period - Shot by Max Pacioretty.
2:28 of 1st period - Stopped by Jonathan Quick without a rebound.
2:29 of 1st period - Jack Eichel wins face-off versus Nicolas Aube-Kubel in EDMONTON ICE zone.
3:35 of 1st period - Icing by Zach Whitecloud.
3:36 of 1st period - Aleksander Barkov wins face-off versus Anton Lundell in EDMONTON ICE zone.
3:39 of 1st period - Shot by Aleksander Barkov.
3:39 of 1st period - Stopped by Jonathan Quick without a rebound.
3:40 of 1st period - Patrice Bergeron wins face-off versus Joel Eriksson Ek in EDMONTON ICE zone.
3:55 of 1st period - Shot by Max Pacioretty.
3:55 of 1st period - Shot Misses the Net.
4:36 of 1st period - Icing by Joel Eriksson Ek.
4:37 of 1st period - Joel Eriksson Ek wins face-off versus Aleksander Barkov in EDMONTON ICE zone.
4:50 of 1st period - Shot by Aleksander Barkov.
4:50 of 1st period - Stopped by Jonathan Quick without a rebound.
4:51 of 1st period - Austin Watson wins face-off versus Ryan Getzlaf in EDMONTON ICE zone.
4:51 of 1st period - Austin Watson is hit by Colton Sissons.
6:06 of 1st period - Shot by Aleksander Barkov.
6:06 of 1st period - Shot Blocked by Jonas Brodin.
6:12 of 1st period - Shot by Alexander DeBrincat.
6:12 of 1st period - Shot Misses the Net.
6:14 of 1st period - Shot by Aleksander Barkov.
6:14 of 1st period - Goal by Aleksander Barkov - EDMONTON ICE : 0 - SACRAMENTO BANDITS : 1.
6:15 of 1st period - Patrice Bergeron wins face-off versus Joel Eriksson Ek in neutral zone.
6:24 of 1st period - Shot by Patrice Bergeron.
6:24 of 1st period - Stopped by Jonathan Quick without a rebound.
6:25 of 1st period - Scott Laughton wins face-off versus Aleksander Barkov in EDMONTON ICE zone.
6:48 of 1st period - Shot by Jonathan Huberdeau.
6:48 of 1st period - Stopped by Jonathan Quick with a rebound.
6:54 of 1st period - Aleksander Barkov is hit by Kieffer Bellows and loses puck.
7:03 of 1st period - Shot by Jonathan Huberdeau.
7:03 of 1st period - Shot Blocked by Jordan Spence.
7:05 of 1st period - Shot by Mikhail Sergachev.
7:05 of 1st period - Shot Misses the Net.
7:31 of 1st period - Icing by Jonas Brodin.
7:32 of 1st period - Patrice Bergeron wins face-off versus Scott Laughton in EDMONTON ICE zone.
7:36 of 1st period - Icing by Jonas Brodin.
7:37 of 1st period - Scott Laughton wins face-off versus Patrice Bergeron in EDMONTON ICE zone.
7:41 of 1st period - Off-side.
7:42 of 1st period - Anton Lundell wins face-off versus Patrice Bergeron in neutral zone.
8:10 of 1st period - Minor Penalty to Ryan Graves for Holding.
8:11 of 1st period - Aleksander Barkov wins face-off versus Anton Lundell in EDMONTON ICE zone.
10:14 of 1st period - Shot by Nicolas Aube-Kubel.
10:14 of 1st period - Shot Misses the Net.
10:28 of 1st period - Shot by Ryan Lomberg.
10:28 of 1st period - Stopped by Jonathan Quick with a rebound.
10:30 of 1st period - Shot by Trevor van Riemsdyk.
10:30 of 1st period - Shot Misses the Net.
10:32 of 1st period - Shot by Trevor van Riemsdyk.
10:32 of 1st period - Shot Blocked by Ryan Graves.
10:40 of 1st period - Shot by Cal Clutterbuck.
10:40 of 1st period - Deflect By Ryan Lomberg.
10:40 of 1st period - Goal by Ryan Lomberg - EDMONTON ICE : 0 - SACRAMENTO BANDITS : 2.
10:41 of 1st period - Ryan Getzlaf wins face-off versus Jack Eichel in neutral zone.
11:10 of 1st period - Shot by Anthony Mantha.
11:10 of 1st period - Stopped by Andrei Vasilevskiy without a rebound.
11:11 of 1st period - Joel Eriksson Ek wins face-off versus Aleksander Barkov in SACRAMENTO BANDITS zone.
11:49 of 1st period - Shot by Alexander DeBrincat.
11:49 of 1st period - Shot Misses the Net.
11:51 of 1st period - Shot by Aleksander Barkov.
11:51 of 1st period - Shot Misses the Net.
11:53 of 1st period - Shot by Jonathan Huberdeau.
11:53 of 1st period - Stopped by Jonathan Quick with a rebound.
12:43 of 1st period - Shot by Patrice Bergeron.
12:43 of 1st period - Shot Blocked by Zach Whitecloud.
12:59 of 1st period - Icing by Zach Whitecloud.
13:00 of 1st period - Jack Eichel wins face-off versus Ryan Getzlaf in EDMONTON ICE zone.
13:36 of 1st period - Shot by Carter Verhaeghe.
13:36 of 1st period - Deflect By Ryan Getzlaf.
13:36 of 1st period - Shot Misses the Net.
14:01 of 1st period - Shot by Joonas Donskoi.
14:01 of 1st period - Stopped by Andrei Vasilevskiy without a rebound.
14:02 of 1st period - Aleksander Barkov wins face-off versus Joel Eriksson Ek in SACRAMENTO BANDITS zone.
14:42 of 1st period - Shot by Timo Meier.
14:42 of 1st period - Shot Misses the Net.
14:44 of 1st period - Shot by Jonas Brodin.
14:44 of 1st period - Stopped by Andrei Vasilevskiy without a rebound.
14:45 of 1st period - Anton Lundell wins face-off versus Patrice Bergeron in SACRAMENTO BANDITS zone.
15:01 of 1st period - Shot by Max Pacioretty.
15:01 of 1st period - Stopped by Jonathan Quick without a rebound.
15:02 of 1st period - Scott Laughton wins face-off versus Nicolas Aube-Kubel in EDMONTON ICE zone.
15:02 of 1st period - Scott Laughton is hit by Ryan Lomberg.
15:11 of 1st period - Icing by Zdeno Chara.
15:12 of 1st period - Anton Lundell wins face-off versus Nicolas Aube-Kubel in SACRAMENTO BANDITS zone.
15:29 of 1st period - Shot by Ryan Lomberg.
15:29 of 1st period - Stopped by Jonathan Quick without a rebound.
15:30 of 1st period - Patrice Bergeron wins face-off versus Jack Eichel in EDMONTON ICE zone.
16:02 of 1st period - Off-side.
16:03 of 1st period - Joel Eriksson Ek wins face-off versus Aleksander Barkov in neutral zone.
16:06 of 1st period - Shot by Timo Meier.
16:06 of 1st period - Goal by Timo Meier - EDMONTON ICE : 1 - SACRAMENTO BANDITS : 2.
16:07 of 1st period - Joel Eriksson Ek wins face-off versus Aleksander Barkov in neutral zone.
16:16 of 1st period - Shot by Joel Eriksson Ek.
16:16 of 1st period - Shot Blocked by Aleksander Barkov.
16:28 of 1st period - Shot by Joel Eriksson Ek.
16:28 of 1st period - Shot Blocked by Mikhail Sergachev.
16:32 of 1st period - Shot by Joel Eriksson Ek.
16:32 of 1st period - Shot Misses the Net.
16:34 of 1st period - Shot by Tanner Jeannot.
16:34 of 1st period - Stopped by Andrei Vasilevskiy with a rebound.
17:10 of 1st period - Shot by Scott Laughton.
17:10 of 1st period - Stopped by Andrei Vasilevskiy without a rebound.
17:11 of 1st period - Patrice Bergeron wins face-off versus Anton Lundell in SACRAMENTO BANDITS zone.
17:18 of 1st period - Icing by Max Pacioretty.
17:19 of 1st period - Jack Eichel wins face-off versus Patrice Bergeron in SACRAMENTO BANDITS zone.
17:54 of 1st period - Shot by Max Pacioretty.
17:54 of 1st period - Goal by Max Pacioretty - EDMONTON ICE : 1 - SACRAMENTO BANDITS : 3.
17:55 of 1st period - Anton Lundell wins face-off versus Ryan Getzlaf in neutral zone.
17:55 of 1st period - Anton Lundell is hit by Colton Sissons.
18:01 of 1st period - Minor Penalty to Colton Sissons for Roughing.
18:02 of 1st period - Aleksander Barkov wins face-off versus Joel Eriksson Ek in SACRAMENTO BANDITS zone.
18:31 of 1st period - Shot by Aleksander Barkov.
18:31 of 1st period - Shot Misses the Net.
18:45 of 1st period - Shot by Patrice Bergeron.
18:45 of 1st period - Shot Misses the Net.
19:23 of 1st period - Shot by Aleksander Barkov.
19:23 of 1st period - Shot Blocked by Ryan Graves.
19:26 of 1st period - Icing by Ryan Graves.
19:27 of 1st period - Jack Eichel wins face-off versus Aleksander Barkov in EDMONTON ICE zone.
19:31 of 1st period - Off-side.
19:32 of 1st period - Jack Eichel wins face-off versus Aleksander Barkov in neutral zone.
19:35 of 1st period - Brent Burns is hit by Tanner Jeannot and loses puck.
19:40 of 1st period - Shot by Tanner Jeannot.
19:40 of 1st period - Stopped by Andrei Vasilevskiy without a rebound.
19:41 of 1st period - Aleksander Barkov wins face-off versus Joel Eriksson Ek in SACRAMENTO BANDITS zone.
Goals for this period are 1 for EDMONTON ICE vs 3 for SACRAMENTO BANDITS.
Shots for this period are 7 for EDMONTON ICE vs 13 for SACRAMENTO BANDITS.

2nd period


0:01 of 2nd period - Patrice Bergeron wins face-off versus Anton Lundell in neutral zone.
0:51 of 2nd period - Icing by Anton Lundell.
0:52 of 2nd period - Aleksander Barkov wins face-off versus Anton Lundell in EDMONTON ICE zone.
1:23 of 2nd period - Shot by Anthony Mantha.
1:23 of 2nd period - Deflect By Jack Eichel.
1:23 of 2nd period - Stopped by Andrei Vasilevskiy without a rebound.
1:24 of 2nd period - Joel Eriksson Ek wins face-off versus Ryan Getzlaf in SACRAMENTO BANDITS zone.
1:33 of 2nd period - Shot by Joel Eriksson Ek.
1:33 of 2nd period - Stopped by Andrei Vasilevskiy without a rebound.
1:34 of 2nd period - Jack Eichel wins face-off versus Patrice Bergeron in SACRAMENTO BANDITS zone.
1:41 of 2nd period - Shot by Scott Laughton.
1:41 of 2nd period - Shot Misses the Net.
1:43 of 2nd period - Shot by Scott Laughton.
1:43 of 2nd period - Stopped by Andrei Vasilevskiy without a rebound.
1:44 of 2nd period - Joel Eriksson Ek wins face-off versus Aleksander Barkov in SACRAMENTO BANDITS zone.
2:16 of 2nd period - Icing by John Carlson.
2:17 of 2nd period - Aleksander Barkov wins face-off versus Jack Eichel in SACRAMENTO BANDITS zone.
2:28 of 2nd period - Shot by Aleksander Barkov.
2:28 of 2nd period - Stopped by Jonathan Quick without a rebound.
2:29 of 2nd period - Patrice Bergeron wins face-off versus Anton Lundell in EDMONTON ICE zone.
2:45 of 2nd period - Shot by Phil Kessel.
2:45 of 2nd period - Deflect By Patrice Bergeron.
2:45 of 2nd period - Shot Hit the Post.
3:58 of 2nd period - Ryan Getzlaf is hit by Jordan Spence and loses puck.
4:26 of 2nd period - Jonathan Huberdeau is hit by Jordan Spence and loses puck.
4:29 of 2nd period - Shot by Jonathan Huberdeau.
4:29 of 2nd period - Stopped by Jonathan Quick without a rebound.
4:30 of 2nd period - Joel Eriksson Ek wins face-off versus Nicolas Aube-Kubel in EDMONTON ICE zone.
4:35 of 2nd period - Shot by Tanner Jeannot.
4:35 of 2nd period - Stopped by Andrei Vasilevskiy without a rebound.
4:36 of 2nd period - Patrice Bergeron wins face-off versus Joel Eriksson Ek in SACRAMENTO BANDITS zone.
4:57 of 2nd period - Shot by Max Pacioretty.
4:57 of 2nd period - Stopped by Jonathan Quick without a rebound.
4:58 of 2nd period - Aleksander Barkov wins face-off versus Anton Lundell in EDMONTON ICE zone.
6:00 of 2nd period - Shot by Joel Eriksson Ek.
6:00 of 2nd period - Shot Hit the Post.
6:02 of 2nd period - Shot by Shea Theodore.
6:02 of 2nd period - Stopped by Andrei Vasilevskiy without a rebound.
6:03 of 2nd period - Patrice Bergeron wins face-off versus Jack Eichel in SACRAMENTO BANDITS zone.
6:03 of 2nd period - Patrice Bergeron is hit by Anthony Mantha.
6:19 of 2nd period - Shot by Jack Eichel.
6:19 of 2nd period - Shot Blocked by Zdeno Chara.
6:27 of 2nd period - Shot by Patrice Bergeron.
6:27 of 2nd period - Shot Misses the Net.
7:47 of 2nd period - Anthony Mantha is hit by Ryan Lomberg and loses puck.
8:05 of 2nd period - Icing by Anthony Mantha.
8:06 of 2nd period - Aleksander Barkov wins face-off versus Jack Eichel in EDMONTON ICE zone.
8:13 of 2nd period - Shot by Aleksander Barkov.
8:13 of 2nd period - Shot Misses the Net.
8:43 of 2nd period - Shot by Alexander DeBrincat.
8:43 of 2nd period - Stopped by Jonathan Quick with a rebound.
8:48 of 2nd period - Jonathan Huberdeau is hit by Jordan Spence and loses puck.
8:51 of 2nd period - Shot by Alexander DeBrincat.
8:51 of 2nd period - Shot Misses the Net.
9:03 of 2nd period - Shot by Patrice Bergeron.
9:03 of 2nd period - Stopped by Jonathan Quick without a rebound.
9:04 of 2nd period - Patrice Bergeron wins face-off versus Tanner Jeannot in EDMONTON ICE zone.
9:16 of 2nd period - Icing by Brent Burns.
9:17 of 2nd period - Patrice Bergeron wins face-off versus Anton Lundell in SACRAMENTO BANDITS zone.
9:40 of 2nd period - Shot by Anton Lundell.
9:40 of 2nd period - Shot Misses the Net.
9:51 of 2nd period - Joonas Donskoi is hit by John Carlson and loses puck.
10:01 of 2nd period - Off-side.
10:02 of 2nd period - Ryan Getzlaf wins face-off versus Joel Eriksson Ek in neutral zone.
10:27 of 2nd period - Shot by Carter Verhaeghe.
10:27 of 2nd period - Deflect By Ryan Getzlaf.
10:27 of 2nd period - Stopped by Jonathan Quick without a rebound.
10:28 of 2nd period - Aleksander Barkov wins face-off versus Joel Eriksson Ek in EDMONTON ICE zone.
10:47 of 2nd period - Shot by Aleksander Barkov.
10:47 of 2nd period - Shot Misses the Net.
11:11 of 2nd period - Shot by Jonathan Huberdeau.
11:11 of 2nd period - Stopped by Jonathan Quick without a rebound.
11:12 of 2nd period - Anton Lundell wins face-off versus Patrice Bergeron in EDMONTON ICE zone.
12:22 of 2nd period - Carter Verhaeghe is hit by Ryan Carpenter and loses puck.
12:53 of 2nd period - Trevor van Riemsdyk is hit by Tanner Jeannot and loses puck.
13:44 of 2nd period - Trevor van Riemsdyk is hit by Austin Watson and loses puck.
14:24 of 2nd period - Icing by Carter Verhaeghe.
14:25 of 2nd period - Ryan Getzlaf wins face-off versus Jack Eichel in SACRAMENTO BANDITS zone.
15:15 of 2nd period - Joel Eriksson Ek is hit by John Carlson and loses puck.
15:18 of 2nd period - Shot by Timo Meier.
15:18 of 2nd period - Stopped by Andrei Vasilevskiy with a rebound.
15:20 of 2nd period - Shot by Joel Eriksson Ek.
15:20 of 2nd period - Stopped by Andrei Vasilevskiy with a rebound.
16:19 of 2nd period - Shot by Max Pacioretty.
16:19 of 2nd period - Stopped by Jonathan Quick with a rebound.
16:21 of 2nd period - Shot by Patrice Bergeron.
16:21 of 2nd period - Shot Misses the Net.
16:29 of 2nd period - Shot by Max Pacioretty.
16:29 of 2nd period - Shot Misses the Net.
17:05 of 2nd period - Shot by Joonas Donskoi.
17:05 of 2nd period - Shot Misses the Net.
17:07 of 2nd period - Shot by Joonas Donskoi.
17:07 of 2nd period - Shot Misses the Net.
17:38 of 2nd period - Off-side.
17:39 of 2nd period - Nicolas Aube-Kubel wins face-off versus Jack Eichel in neutral zone.
18:08 of 2nd period - Shot by Cal Clutterbuck.
18:08 of 2nd period - Stopped by Jonathan Quick without a rebound.
18:09 of 2nd period - Ryan Getzlaf wins face-off versus Scott Laughton in EDMONTON ICE zone.
18:10 of 2nd period - Shot by Carter Verhaeghe.
18:10 of 2nd period - Stopped by Jonathan Quick without a rebound.
18:11 of 2nd period - Aleksander Barkov wins face-off versus Scott Laughton in EDMONTON ICE zone.
18:16 of 2nd period - Shot by Aleksander Barkov.
18:16 of 2nd period - Stopped by Jonathan Quick without a rebound.
18:17 of 2nd period - Aleksander Barkov wins face-off versus Anton Lundell in EDMONTON ICE zone.
19:00 of 2nd period - Alexander DeBrincat is hit by Austin Watson and loses puck.
19:15 of 2nd period - Shot by Jack Eichel.
19:15 of 2nd period - Shot Misses the Net.
19:27 of 2nd period - Anthony Mantha is hit by Alexander DeBrincat.
19:44 of 2nd period - Shot by Max Pacioretty.
19:44 of 2nd period - Shot Misses the Net.
19:46 of 2nd period - Shot by Brent Burns.
19:46 of 2nd period - Shot Misses the Net.
Goals for this period are 0 for EDMONTON ICE vs 0 for SACRAMENTO BANDITS.
Shots for this period are 7 for EDMONTON ICE vs 11 for SACRAMENTO BANDITS.

3rd period


0:01 of 3rd period - Joel Eriksson Ek wins face-off versus Patrice Bergeron in neutral zone.
0:54 of 3rd period - Icing by Ryan Graves.
0:55 of 3rd period - Aleksander Barkov wins face-off versus Joel Eriksson Ek in EDMONTON ICE zone.
0:55 of 3rd period - Jonathan Huberdeau is hit by Shea Theodore and loses puck.
1:02 of 3rd period - Shot by Jonathan Huberdeau.
1:02 of 3rd period - Shot Misses the Net.
1:10 of 3rd period - Shot by Jonathan Huberdeau.
1:10 of 3rd period - Stopped by Jonathan Quick without a rebound.
1:11 of 3rd period - Ryan Getzlaf wins face-off versus Jack Eichel in EDMONTON ICE zone.
1:23 of 3rd period - Icing by Jonas Brodin.
1:24 of 3rd period - Jack Eichel wins face-off versus Jonathan Huberdeau in EDMONTON ICE zone.
1:24 of 3rd period - Jack Eichel is hit by Jonathan Huberdeau.
1:47 of 3rd period - Shot by Jonathan Huberdeau.
1:47 of 3rd period - Shot Misses the Net.
1:49 of 3rd period - Shot by Jonathan Huberdeau.
1:49 of 3rd period - Shot Misses the Net.
1:51 of 3rd period - Shot by Aleksander Barkov.
1:51 of 3rd period - Shot Misses the Net.
1:53 of 3rd period - Shot by Jonathan Huberdeau.
1:53 of 3rd period - Shot Misses the Net.
2:06 of 3rd period - Off-side.
2:07 of 3rd period - Patrice Bergeron wins face-off versus Anton Lundell in neutral zone.
2:07 of 3rd period - Patrice Bergeron is hit by Austin Watson.
2:25 of 3rd period - Shot by Patrice Bergeron.
2:25 of 3rd period - Shot Misses the Net.
2:27 of 3rd period - Shot by Max Pacioretty.
2:27 of 3rd period - Deflect By Patrice Bergeron.
2:27 of 3rd period - Shot Misses the Net.
2:42 of 3rd period - Shot by Patrice Bergeron.
2:42 of 3rd period - Goal by Patrice Bergeron - EDMONTON ICE : 1 - SACRAMENTO BANDITS : 4.
2:42 of 3rd period - Alex Nedeljkovic enters game.
2:43 of 3rd period - Colton Sissons wins face-off versus Joel Eriksson Ek in neutral zone.
3:04 of 3rd period - Shot by Joel Eriksson Ek.
3:04 of 3rd period - Stopped by Andrei Vasilevskiy without a rebound.
3:05 of 3rd period - Jack Eichel wins face-off versus Aleksander Barkov in SACRAMENTO BANDITS zone.
3:15 of 3rd period - Icing by Jonas Brodin.
3:16 of 3rd period - Jack Eichel wins face-off versus Patrice Bergeron in EDMONTON ICE zone.
3:26 of 3rd period - Jack Eichel is hit by Zdeno Chara and loses puck.
4:10 of 3rd period - Icing by Jonas Brodin.
4:11 of 3rd period - Aleksander Barkov wins face-off versus Jack Eichel in EDMONTON ICE zone.
4:15 of 3rd period - Icing by Jordan Spence.
4:16 of 3rd period - Jack Eichel wins face-off versus Ryan Getzlaf in EDMONTON ICE zone.
4:16 of 3rd period - Jack Eichel is hit by Ryan Getzlaf.
4:36 of 3rd period - Shot by John Carlson.
4:36 of 3rd period - Shot Misses the Net.
4:47 of 3rd period - Carter Verhaeghe is hit by Ryan Graves and loses puck.
5:21 of 3rd period - Shot by Alexander DeBrincat.
5:21 of 3rd period - Stopped by Alex Nedeljkovic without a rebound.
5:22 of 3rd period - Patrice Bergeron wins face-off versus Anton Lundell in EDMONTON ICE zone.
5:42 of 3rd period - Shot by Patrice Bergeron.
5:42 of 3rd period - Stopped by Alex Nedeljkovic with a rebound.
6:30 of 3rd period - Shot by Aleksander Barkov.
6:30 of 3rd period - Stopped by Alex Nedeljkovic with a rebound.
6:37 of 3rd period - Icing by Anthony Mantha.
6:38 of 3rd period - Jack Eichel wins face-off versus Ryan Getzlaf in EDMONTON ICE zone.
6:38 of 3rd period - Jack Eichel is hit by Carter Verhaeghe.
6:39 of 3rd period - Jack Eichel from EDMONTON ICE is injured at 6:39 of 3rd period (Left Knee).
6:40 of 3rd period - Ryan Getzlaf wins face-off versus Joel Eriksson Ek in EDMONTON ICE zone.
6:54 of 3rd period - Carter Verhaeghe is hit by Ryan Graves and loses puck.
7:28 of 3rd period - Off-side.
7:29 of 3rd period - Patrice Bergeron wins face-off versus Anton Lundell in neutral zone.
7:42 of 3rd period - Shot by Phil Kessel.
7:42 of 3rd period - Shot Misses the Net.
7:49 of 3rd period - Patrice Bergeron is hit by Jonas Brodin and loses puck.
7:55 of 3rd period - Minor Penalty to Phil Kessel for Hooking.
7:56 of 3rd period - Scott Laughton wins face-off versus Jonathan Huberdeau in SACRAMENTO BANDITS zone.
7:57 of 3rd period - Shot by Shea Theodore.
7:57 of 3rd period - Goal by Shea Theodore - EDMONTON ICE : 2 - SACRAMENTO BANDITS : 4.
7:58 of 3rd period - Aleksander Barkov wins face-off versus Joel Eriksson Ek in neutral zone.
8:15 of 3rd period - Shot by Alexander DeBrincat.
8:15 of 3rd period - Shot Blocked by Joel Eriksson Ek.
8:16 of 3rd period - Minor Penalty to Zach Whitecloud for Hooking.
8:17 of 3rd period - Anton Lundell wins face-off versus Patrice Bergeron in EDMONTON ICE zone.
8:17 of 3rd period - Anton Lundell is hit by Max Pacioretty.
9:04 of 3rd period - Shot by John Carlson.
9:04 of 3rd period - Shot Blocked by Andy Greene.
9:57 of 3rd period - Shot by Carter Verhaeghe.
9:57 of 3rd period - Shot Blocked by Jonas Brodin.
10:12 of 3rd period - Off-side.
10:13 of 3rd period - Anton Lundell wins face-off versus Patrice Bergeron in neutral zone.
10:36 of 3rd period - Shot by Trevor van Riemsdyk.
10:36 of 3rd period - Stopped by Alex Nedeljkovic without a rebound.
10:37 of 3rd period - Ryan Getzlaf wins face-off versus Joonas Donskoi in EDMONTON ICE zone.
10:48 of 3rd period - Shot by Ryan Getzlaf.
10:48 of 3rd period - Shot Misses the Net.
11:03 of 3rd period - Shot by Anton Lundell.
11:03 of 3rd period - Shot Misses the Net.
11:08 of 3rd period - Joonas Donskoi is hit by Brent Burns and loses puck.
12:03 of 3rd period - Shot by Timo Meier.
12:03 of 3rd period - Stopped by Andrei Vasilevskiy with a rebound.
12:56 of 3rd period - Icing by Andy Greene.
12:57 of 3rd period - Anton Lundell wins face-off versus Nicolas Aube-Kubel in EDMONTON ICE zone.
12:57 of 3rd period - Anton Lundell is hit by Cal Clutterbuck.
13:40 of 3rd period - Shot by Scott Laughton.
13:40 of 3rd period - Shot Misses the Net.
14:21 of 3rd period - Joel Eriksson Ek is hit by Max Pacioretty and loses puck.
14:30 of 3rd period - Shot by Patrice Bergeron.
14:30 of 3rd period - Stopped by Alex Nedeljkovic with a rebound.
14:32 of 3rd period - Shot by Patrice Bergeron.
14:32 of 3rd period - Stopped by Alex Nedeljkovic with a rebound.
14:34 of 3rd period - Shot by Max Pacioretty.
14:34 of 3rd period - Goal by Max Pacioretty - EDMONTON ICE : 2 - SACRAMENTO BANDITS : 5.
14:35 of 3rd period - Aleksander Barkov wins face-off versus Joel Eriksson Ek in neutral zone.
14:45 of 3rd period - Alexander DeBrincat is hit by Andy Greene and loses puck.
15:43 of 3rd period - Shot by Patrice Bergeron.
15:43 of 3rd period - Stopped by Alex Nedeljkovic without a rebound.
15:44 of 3rd period - Anton Lundell wins face-off versus Ryan Getzlaf in EDMONTON ICE zone.
15:44 of 3rd period - Anton Lundell is hit by Colton Sissons.
16:58 of 3rd period - Off-side.
16:59 of 3rd period - Aleksander Barkov wins face-off versus Joel Eriksson Ek in neutral zone.
16:59 of 3rd period - Minor Penalty to Scott Laughton for Cross-checking.
17:00 of 3rd period - Aleksander Barkov wins face-off versus Timo Meier in EDMONTON ICE zone.
17:56 of 3rd period - Off-side.
17:57 of 3rd period - Patrice Bergeron wins face-off versus Anton Lundell in neutral zone.
18:00 of 3rd period - Minor Penalty to Max Pacioretty for Hooking.
18:01 of 3rd period - Aleksander Barkov wins face-off versus Anton Lundell in SACRAMENTO BANDITS zone.
19:22 of 3rd period - Shot by Jordan Spence.
19:22 of 3rd period - Shot Misses the Net.
19:27 of 3rd period - Shot by Tanner Jeannot.
19:27 of 3rd period - Shot Misses the Net.
19:29 of 3rd period - Shot by Ryan Graves.
19:29 of 3rd period - Stopped by Andrei Vasilevskiy without a rebound.
19:30 of 3rd period - Joel Eriksson Ek wins face-off versus Colton Sissons in SACRAMENTO BANDITS zone.
19:35 of 3rd period - Shot by Joel Eriksson Ek.
19:35 of 3rd period - Stopped by Andrei Vasilevskiy without a rebound.
19:36 of 3rd period - Joel Eriksson Ek wins face-off versus Aleksander Barkov in SACRAMENTO BANDITS zone.
19:41 of 3rd period - Shot by Timo Meier.
19:41 of 3rd period - Stopped by Andrei Vasilevskiy without a rebound.
19:42 of 3rd period - Aleksander Barkov wins face-off versus Joel Eriksson Ek in SACRAMENTO BANDITS zone.
19:53 of 3rd period - Shot by Timo Meier.
19:53 of 3rd period - Shot Misses the Net.
Goals for this period are 1 for EDMONTON ICE vs 2 for SACRAMENTO BANDITS.
Shots for this period are 6 for EDMONTON ICE vs 10 for SACRAMENTO BANDITS.


JOHNNY
GAUDREAU
MATTHEW
BOLDY
OWEN
TIPPETT

EAST COAST

HOCKEY LEAGUE

  • 29.PIT6MAN7
  • 30.ATL6NHW2
  • 31.WOR4PET3
  • 32.3RHI4
  • 33.CHIQUE
  • 34.LIMCHA
  • 35.LONTRV
  • 36.BALCHW